[Event "Early-Titled-Tuesday-Blitz-June-18-2024"]
[Site "Chess.com"]
[Date "2024.06.18"]
[Round "1"]
[White "Ordekalog"]
[Black "FishThatRoared"]
[Result "1-0"]
[WhiteElo "2621"]
[BlackElo "2263"]
[TimeControl "180+1"]
[EndTime "8:07:08 PDT"]
[Termination "Ordekalog won on time"]

1. e4 c5 2. d3 d6 3. g3 Nc6 4. Bg2 g6 5. f4 Bg7 6. Nf3 e6 7. O-O Nge7 8. c3 f5 9. exf5 Nxf5 10. Re1 h6 11. Nbd2 O-O 12. Nf1 Kh7 13.
Qc2 Bd7 14. Qf2 e5 15. g4 Nfe7 16. Qh4 exf4 17. Ng5+ Kg8 18. Ne6 Bxe6 19. Rxe6 Ne5 20. Qxe7 f3 21. Bh3 Nxd3 22. Qxd8 Raxd8 23. Bd2 g5 24. Ng3 Nxb2 25. Bf1 c4 26. Rb1 Nd3 27. Rxb7 f2+ 28.
Kh1 Rf7 29. Rxf7 Kxf7 30. Re4 Ne5 31. Nf5 d5 32. Re2 Nxg4 33. h3 Ne5 34. Rxf2 Kg6 35. Ne7+ Kh7 36. Be3 1-0

[Event "Early-Titled-Tuesday-Blitz-June-18-2024"]
[Site "Chess.com"]
[Date "2024.06.18"]
[Round "1"]
[White "Herzog2012"]
[Black "MANOJ_MISHRA123"]
[Result "1-0"]
[WhiteElo "2588"]
[BlackElo "2203"]
[TimeControl "180+1"]
[EndTime "8:07:08 PDT"]
[Termination "Herzog2012 won by resignation"]

1. e4 Nf6 2. e5 Nd5 3. c4 Nb6 4. d4 d6 5. exd6 cxd6 6. Nc3 g6 7. Bd3 Bg7 8. Nge2 O-O 9. O-O Nc6 10. Be3 Bg4 11.
h3 Bxe2 12. Nxe2 Nb4 13. a3 Nxd3 14. Qxd3 Rc8 15. b3 e5 16. Rac1 d5 17. c5 Nd7 18.
dxe5 Nxe5 19. Qb5 Qh4 20. Qxb7 Rb8 21. Qxa7 Rxb3 22. c6 Nc4 23. c7 Rc8 24. Bd4 Bh6 25. Rb1 Rxa3 26. Rb8 Nd6 27. Qb7 Nxb7 28. Rxc8+ Bf8 29.
Rxf8+ Kxf8 30. c8=Q+ Nd8 31. Qc5+ Qe7 32. Qxe7+ Kxe7 33. Bc5+ 1-0

[Event "Early-Titled-Tuesday-Blitz-June-18-2024"]
[Site "Chess.com"]
[Date "2024.06.18"]
[Round "1"]
[White "Lucky_Puncher"]
[Black "Austen48"]
[Result "0-1"]
[WhiteElo "2601"]
[BlackElo "2289"]
[TimeControl "180+1"]
[EndTime "8:07:09 PDT"]
[Termination "Austen48 won by checkmate"]

1. e4 e5 2. Nf3 Nc6 3. Bb5 a6 4. Ba4 Nf6 5. O-O Nxe4 6. d4 b5 7. Bb3 d5 8. dxe5 Be6 9. a4 Rb8 10. axb5 axb5 11. Bf4 Be7 12. Nbd2 O-O 13. Re1 Nc5 14. c3 Qd7 15. Nd4 f5 16. exf6 Bxf6 17. Nxe6 Nxe6 18. Qg4 Rbe8 19. Nf3 Bxc3 20. Rxe6 Rxe6 21.
h3 Bxb2 22. Rd1 Nb4 23. Nd4 Re7 24. Qxd7 Rxd7 25. Bg3 Bxd4 26. Rxd4 c5 27. Rd1 c4 28.
Rb1 cxb3 29. Rxb3 Nc2 30. Rxb5 d4 31. Rb1 d3 32. Rd1 d2 33. Kf1 Nb4 34. Ke2 Na2 35.
Rxd2 Re8+ 36. Kd1 Nc3+ 37. Kc2 Rxd2+ 38. Kxd2 Ne4+ 39. Kd3 Nxg3 40. fxg3 Kf7 41. Kd4 Kf6 42. Kd3 Re6 43. Kd2 Kf5 44. Kd3 g5 45. Kd2 g4 46. h4 Re4 47. Kd3 Re1 48. Kd2 Rg1 49. Ke3 Rxg2 50. Kd3 Rxg3+ 51. Ke2 Rh3 52. Kf2 Rxh4 53. Kg2 Rh5 54. Kg3 Rg5 55. Kg2 h5 56.
Kg3 h4+ 57. Kg2 Rg6 58. Kf2 Rb6 59. Kg2 Rb3 60. Kh2 Kf4 61. Kg1 Rb2 62. Kf1 Ke3 63. Kg1 Kf3 64. Kh1 Kg3 65. Kg1 Rb1# 0-1

[Event "Early-Titled-Tuesday-Blitz-June-18-2024"]
[Site "Chess.com"]
[Date "2024.06.18"]
[Round "1"]
[White "annazero"]
[Black "Kiborg95"]
[Result "1-0"]
[WhiteElo "2518"]
[BlackElo "2876"]
[TimeControl "180+1"]
[EndTime "8:07:10 PDT"]
[Termination "annazero won by resignation"]

1. g3 d6 2. Bg2 e5 3. d3 f5 4. Nf3 Nf6 5. O-O Be7 6. Nbd2 O-O 7. c4 Nc6 8. a3 a5 9. b3 Qe8 10. Bb2 Qh5 11. d4 f4 12. dxe5 dxe5 13. Qc2 Bh3 14. Ne4 Ng4 15. Rfd1 Bxg2 16. Kxg2 fxg3 17.
hxg3 Qg6 18. Rd2 Rf7 19. Nh2 Raf8 20. Nxg4 Qxg4 21. f3 Qg6 22. Rh1 h6 23. Rd5 Rf5 24. Qd2 Qe6 25. Bc3 b6 26. b4 axb4 27. axb4 Bf6 28.
b5 Nd4 29. Nxf6+ R5xf6 30. Bxd4 exd4 31. Rxd4 Rg6 32. Re4 Qf7 33. g4 Kh8 34. Rd1 Qf6 35. Qd4 Qh4 36. Rh1 Qg5 37. Qe5 Qd8 38. Rd4 Qc8 39. Qe7 Rgf6 40. Rd7 Rg6 41. Rxh6+ 1-0

[Event "Early-Titled-Tuesday-Blitz-June-18-2024"]
[Site "Chess.com"]
[Date "2024.06.18"]
[Round "1"]
[White "Yaacovn"]
[Black "Savagelittlemole"]
[Result "1-0"]
[WhiteElo "2860"]
[BlackElo "2489"]
[TimeControl "180+1"]
[EndTime "8:07:10 PDT"]
[Termination "Yaacovn won on time"]

1. d4 c5 2. c3 g6 3. Nf3 Bg7 4.
Bf4 Nf6 5. Nbd2 O-O 6. dxc5 Na6 7. Nb3 Nh5 8. Be3 e5 9. Qd6 Re8 10. O-O-O Bf8 11. Qd2 Qc7 12. Ng5 Nf6 13. f3 Nxc5 14. Nxc5 Bxc5 15. Bxc5 Qxc5 16. e4 Qa5 17. Bc4 d5 18.
Bxd5 Nxd5 19. Qxd5 Qxd5 20. exd5 h6 21. Ne4 Kg7 22. d6 Bf5 23. d7 Red8 24. Nd6 Kf6 25. g4 Be6 26. Nxb7 Rxd7 27. Rxd7 Bxd7 28. Nc5 Bc6 29.
Kd2 Ke7 30. Ke3 f5 31. gxf5 gxf5 32. Rg1 Kf6 33. h4 Rc8 34. h5 Bxf3 35. Rg6+ Kf7 36. Nd7 Bxh5 37. Nxe5+ Ke7 38. Rxh6 Bg4 39. Kf4 Rg8 40.
Ra6 Bh3 41. Rxa7+ Kd6 42. Ra6+ Kd5 43. c4+ Kd4 44. Rd6+ Kc5 45. Rd5+ Kb4 46. Rb5+ Ka4 47. Rb3 Bf1 48. Nd7 Rg4+ 49. Kxf5 Rxc4 50. Nb6+ Ka5 51. Nxc4+ Bxc4 52. Rc3 Kb4 53. a3+ Kb5 54. Kf4 Bd5 55.
Ke3 Ka4 56. Kd4 Bb3 57. Kc5 Ba2 58. b4 Be6 59. b5 Ka5 60. b6 Ka6 61. Re3 Bc8 62. Re7 Bb7 63. Rg7 Ka5 64. Rxb7 1-0

[Event "Early-Titled-Tuesday-Blitz-June-18-2024"]
[Site "Chess.com"]
[Date "2024.06.18"]
[Round "1"]
[White "Gyulamiryan-koryun"]
[Black "noblerone"]
[Result "1-0"]
[WhiteElo "1585"]
[BlackElo "2531"]
[TimeControl "180+1"]
[EndTime "8:07:10 PDT"]
[Termination "Gyulamiryan-koryun won on time"]

1. d4 d5 2. c4 e6 3. Nc3 Nf6 4. Nf3 a6 5. Bg5 dxc4 6. e4 b5 7. e5 h6 8. Bh4 g5 9. Nxg5 hxg5 10. Bxg5 Nbd7 11. exf6 Bb7 12. d5 e5 13. Qf3 Nc5 14.
Be2 b4 15. Qe3 Bd6 16. Ne4 Nxe4 17. Qxe4 c3 18. bxc3 bxc3 19. Rb1 Bc8 20. f4 c2 21.
Rc1 Rb8 22. fxe5 Bb4+ 23. Kf2 Kf8 24. Rhf1 Bb7 25. Bf3 Bc5+ 26. Be3 Bxe3+ 27. Kxe3 Qd7 28. Rxc2 Qb5 29. Rd1 Rxh2 30. Rcd2 Qb6+ 31. Kf4 Re8 32. Qf5 Bc8 33. Qg5 Qb4+ 34. Be4 1-0

[Event "Early-Titled-Tuesday-Blitz-June-18-2024"]
[Site "Chess.com"]
[Date "2024.06.18"]
[Round "1"]
[White "Silent-Killer100"]
[Black "DonCiao"]
[Result "1-0"]
[WhiteElo "2566"]
[BlackElo "2090"]
[TimeControl "180+1"]
[EndTime "8:07:11 PDT"]
[Termination "Silent-Killer100 won on time"]

1. f4 d5 2. Nf3 Nf6 3. g3 g6 4.
Bg2 Bg7 5. O-O O-O 6. d3 a5 7. Qe1 Bg4 8. e4 c6 9. h3 Bxf3 10. Bxf3 Nbd7 11. e5 Ne8 12. Nc3 Nc7 13. Kg2 Ne6 14. Ne2 f6 15. exf6 exf6 16. Qf2 f5 17. Re1 Qf6 18. Rb1 a4 19. Bd2 b5 20. Bc3 d4 21. Bd2 Rac8 22. Ng1 Nb6 23. Re2 Rfe8 24.
Rbe1 Nd5 25. Bxd5 cxd5 26. Bb4 Nc7 27. Nf3 Rxe2 28. Rxe2 Na6 29. Be7 Qb6 30. Ng5 Nc7 31.
Qf3 h6 32. Ne6 Nxe6 33. Qxd5 Rc6 34. Bd8 Qa6 35. Qd7 Kh7 36. Bf6 Qc8 37. Qf7 Qf8 38. Qd7 1-0

[Event "Early-Titled-Tuesday-Blitz-June-18-2024"]
[Site "Chess.com"]
[Date "2024.06.18"]
[Round "1"]
[White "SHIVACalypso"]
[Black "jcibarra"]
[Result "0-1"]
[WhiteElo "2535"]
[BlackElo "3002"]
[TimeControl "180+1"]
[EndTime "8:07:14 PDT"]
[Termination "jcibarra won by resignation"]

1. Nf3 d6 2. c4 Nf6 3. Nc3 g6 4.
e4 Bg7 5. d3 O-O 6. h3 e6 7. Be3 d5 8. e5 Nfd7 9. d4 dxc4 10.
Bxc4 c5 11. Ne4 cxd4 12. Bxd4 Nc6 13. Bc3 Ndxe5 14. Nxe5 Nxe5 15. Be2 Qd5 16. Qxd5 exd5 17. Nd6 Rd8 18. Nxc8 Raxc8 19. Rd1 Nc6 20. Bxg7 Kxg7 21. Bf3 Ne5 22. Bxd5 Rc2 23. O-O Rxb2 24. Bb3 Rdd2 25. Rxd2 Rxd2 26. Re1 Nc6 27. Re8 Rd8 28. Re2 Nd4 29.
Rb2 Nxb3 30. Rxb3 b6 31. g3 Rd4 32. Ra3 a5 33. Rc3 Rb4 34. Rc7 h5 35. h4 Kf6 36.
Kg2 Rb2 37. Rb7 Ke6 38. a4 Rb4 39. Kf3 Kd5 40. Rxf7 Rxa4 41. Rf6 Rb4 42. Rxg6 a4 43. Rg8 Kc4 44. g4 hxg4+ 45. Kxg4 a3 46. Kg5 a2 47. Ra8 Rb5+ 48. Kg6 Ra5 49. Rc8+ Kd3 50. Rc1 a1=Q 51. Rxa1 Rxa1 52. h5 b5 53. h6 Rh1 54. f4 Ke4 55. f5 Rxh6+ 0-1

[Event "Early-Titled-Tuesday-Blitz-June-18-2024"]
[Site "Chess.com"]
[Date "2024.06.18"]
[Round "1"]
[White "MaiqMaster"]
[Black "TheBigBoss04"]
[Result "0-1"]
[WhiteElo "2462"]
[BlackElo "2805"]
[TimeControl "180+1"]
[EndTime "8:07:14 PDT"]
[Termination "TheBigBoss04 won by resignation"]

1. Nf3 d5 2. g3 Nc6 3. d4 Bf5 4.
Bg2 h5 5. h4 e6 6. O-O Nb4 7. Na3 Nf6 8. Ne5 Ne4 9. c3 Na6 10. Qa4+ c6 11. Bf4 Rc8 12. Nc2 f6 13. Nd3 Bd6 14. Bxd6 Qxd6 15. Ne3 Bg6 16. Nf4 Bf7 17.
Bxe4 dxe4 18. c4 Qxd4 19. Rfd1 Qe5 20. Rd2 g5 21. Nfg2 gxh4 22. Nxh4 f5 23. Neg2 e3 24. Nxe3 f4 25. Nf3 Qg7 26. Nf1 fxg3 27. fxg3 h4 28.
Rad1 hxg3 29. Kg2 Qh6 30. Nxg3 Rg8 31. Qb3 Qf4 32. Ng1 Nc5 33. Qf3 e5 34. Kf2 Rxg3 35. Qxf4 exf4 36. Rd4 Ne6 37. Re4 Ke7 38. Nf3 Rh8 39. Nd4 Rh2+ 40. Kf1 Rh1+ 41. Kf2 Rxd1 42.
Nf5+ Kf6 43. Nxg3 fxg3+ 44. Kxg3 Rd2 45. Kf3 Ng5+ 0-1

[Event "Early-Titled-Tuesday-Blitz-June-18-2024"]
[Site "Chess.com"]
[Date "2024.06.18"]
[Round "1"]
[White "Yeritsyaan"]
[Black "Resourchess"]
[Result "0-1"]
[WhiteElo "2669"]
[BlackElo "2392"]
[TimeControl "180+1"]
[EndTime "8:07:14 PDT"]
[Termination "Resourchess won on time"]

1. e4 d6 2. Nc3 g6 3. d4 Bg7 4.
Be3 a6 5. Qd2 Nd7 6. O-O-O b5 7.
f3 Bb7 8. h4 h6 9. h5 g5 10. Nh3 Rc8 11. d5 c5 12. dxc6 Bxc6 13. Bd4 Ngf6 14. Nf2 Qa5 15. Kb1 b4 16. Nd5 Bxd5 17.
exd5 Qxd5 18. Qxb4 Qc6 19. Bd3 Nd5 20. Qa3 Bxd4 21. Ne4 Rb8 22. b3 Nc3+ 23. Kc1 Be3+ 24. Nd2 Nxd1 25. Rxd1 Ne5 26. Be4 Qc3 27. Kb1 Bd4 28. Kc1 Qa1+ 29. Nb1 Be3+ 30. Rd2 Bxd2+ 31. Kxd2 Qxb1 32. Qa4+ Kf8 33. Qxa6 Qg1 34. a4 Qxg2+ 35. Kc3 Qf2 36. Kb2 Qd4+ 37. Ka2 Kg7 38. Qe2 Rhc8 39. Kb1 Nc4 0-1

[Event "Early-Titled-Tuesday-Blitz-June-18-2024"]
[Site "Chess.com"]
[Date "2024.06.18"]
[Round "1"]
[White "BM223344"]
[Black "Roland_Garros_2024"]
[Result "1/2-1/2"]
[WhiteElo "2593"]
[BlackElo "2240"]
[TimeControl "180+1"]
[EndTime "8:07:14 PDT"]
[Termination "Game drawn by repetition"]

1. b3 d5 2. Bb2 Bf5 3. e3 e6 4. Nf3 Nf6 5. Be2 h6 6. O-O Bd6 7. d4 c6 8. c4 Nbd7 9. Nc3 O-O 10. Rc1 Qe7 11. Re1 Ba3 12. Qd2 a5 13. Ne5 Nxe5 14. dxe5 Ne4 15. Nxe4 Bxe4 16. f3 Bg6 17. cxd5 exd5 18. f4 Bxb2 19. Qxb2 Be4 20. Bf1 Qb4 21. Red1 Qb6 22. Qd4 Qb4 23. Bd3 Bxd3 24. Rxd3 Qxd4 25. exd4 g6 26. Rc5 h5 27. Kf2 Rfc8 28. Rdc3 Kf8 29. Kg3 Ke7 30. Kh4 Ke6 31. Kg5 Kd7 32. Rf3 Ke6 33.
h3 Rh8 34. g4 hxg4 35. hxg4 Ke7 36. Rc2 Ra6 37. f5 gxf5 38. gxf5 Rg8+ 39. Kf4 a4 40. b4 a3 41. Rcc3 Ra4 42. Rb3 Rg1 43. Rf2 Rc1 44.
Ke3 Rc4 45. e6 fxe6 46. f6+ Kf7 47. Rb1 Raxb4 48. Rh1 Rxd4 49. Rh7+ Kf8 50. Rh8+ Kf7 51. Rh7+ Kf8 52. f7 Re4+ 53. Kd3 Red4+ 54. Kc3 Rdc4+ 55. Kd3 Rd4+ 56. Ke3 Re4+ 57. Kd3 Red4+ 1/2-1/2

[Event "Early-Titled-Tuesday-Blitz-June-18-2024"]
[Site "Chess.com"]
[Date "2024.06.18"]
[Round "1"]
[White "ejalmedina"]
[Black "Alphafischer2019"]
[Result "0-1"]
[WhiteElo "2304"]
[BlackElo "2635"]
[TimeControl "180+1"]
[EndTime "8:07:15 PDT"]
[Termination "Alphafischer2019 won on time"]

1. d4 Nf6 2. c4 b6 3. Nc3 Bb7 4.
d5 e6 5. a3 a5 6. e4 e5 7. Bd3 g6 8. Nf3 d6 9. O-O Bg7 10. Be3 h6 11. Nd2 O-O 12. f3 Na6 13. Rb1 Nh5 14. b4 axb4 15. axb4 Nf4 16. Bc2 Qg5 17.
Bxf4 exf4 18. Ne2 Nb8 19. Nb3 Nd7 20. Nbd4 Ra2 21. Rf2 Rfa8 22. Bb3 R2a3 23. Nb5 Ra1 24. Ned4 Rxb1 25. Qxb1 Qd8 26. Ra2 Ne5 27. Rxa8 Bxa8 28. Qa2 Qb8 29. Nxc7 Qxc7 30. Qxa8+ Kh7 31. Nb5 Qe7 32.
Qa2 Nd3 33. Qd2 Ne5 34. Qe2 h5 35. Kf1 g5 36. Qf2 Qd8 37. Qc2 g4 0-1

[Event "Early-Titled-Tuesday-Blitz-June-18-2024"]
[Site "Chess.com"]
[Date "2024.06.18"]
[Round "1"]
[White "Kostukov_Alex"]
[Black "xakevicius91"]
[Result "0-1"]
[WhiteElo "2300"]
[BlackElo "2632"]
[TimeControl "180+1"]
[EndTime "8:07:15 PDT"]
[Termination "xakevicius91 won on time"]

1. g3 Nf6 2. Bg2 e6 3. d3 d5 4. e4 dxe4 5. dxe4 Qxd1+ 6. Kxd1 Nbd7 7. c3 e5 8. f3 b6 9. Be3 Ba6 10. Nh3 h6 11. Bf1 Bxf1 12. Rxf1 O-O-O 13. Nd2 Bc5 14. Ke2 Bxe3 15. Kxe3 Nc5 16. Nf2 g5 17. a4 h5 18. b4 Ne6 19. Nc4 Nd7 20. a5 b5 21.
Nd2 a6 22. Nd3 h4 23. Nb3 Kb7 24. Rad1 Rh6 25. Nxe5 Nxe5 26. Nc5+ Nxc5 27. Rxd8 Ne6 28. Rd5 Nc4+ 29. Ke2 hxg3 30. hxg3 f6 31. Rdd1 Rh2+ 32. Rf2 Rh3 33. Rg2 Nd6 34. Kf2 g4 35. Re1 gxf3 36. Kxf3 Ng5+ 37. Kf4 Rh8 38. e5 Ne6+ 39. Kf3 fxe5 40. Rxe5 Rf8+ 41. Ke2 Nd8 42. g4 Nc6 43. Re6 Nd8 44. Re7 Rg8 45. g5 Nf5 46. Re5 Nh4 47. Rg4 Ng6 48. Re3 Nc6 49. Re6 Nd8 50. Ree4 Nf7 51.
Ke3 Nd6 52. Re6 Kc8 53. Kd4 Kd7 54. Rf6 Ke7 0-1

[Event "Early-Titled-Tuesday-Blitz-June-18-2024"]
[Site "Chess.com"]
[Date "2024.06.18"]
[Round "1"]
[White "BigAl"]
[Black "Javokhir_Sindarov05"]
[Result "0-1"]
[WhiteElo "2538"]
[BlackElo "3054"]
[TimeControl "180+1"]
[EndTime "8:07:16 PDT"]
[Termination "Javokhir_Sindarov05 won on time"]

1. Nf3 Nf6 2. g3 g6 3. Bg2 Bg7 4. O-O O-O 5. d3 d6 6. e4 c5 7.
e5 dxe5 8. Nxe5 Nfd7 9. Nc4 Nc6 10. Nc3 Nb6 11. Re1 Nxc4 12. dxc4 Qxd1 13. Nxd1 Be6 14.
Ne3 Rad8 15. c3 Rd7 16. Nd5 Ne5 17. Bg5 Re8 18. b3 Kf8 19. Rad1 Bg4 20. Rd2 Nf3+ 21. Bxf3 Bxf3 22. Rd3 Bg4 23. f3 Bf5 24. Rde3 Be6 25. Nf4 Bxc4 26. bxc4 h6 27. Bxe7+ Rdxe7 28. Rxe7 Rxe7 29.
Rxe7 Kxe7 30. Nd5+ Kd6 31. a4 a6 32. Kf2 b5 33. axb5 axb5 34. Ke3 bxc4 35. Nb6 Bxc3 36. Nxc4+ Kd5 37. Nb6+ Kc6 38. Nc4 Bd4+ 39. Kd3 Kd5 40. Nb6+ Ke6 41. Nc4 Bg1 42. h3 Bf2 43. g4 Kd5 44.
Nb6+ Ke5 45. Nd7+ Kf4 46. Ke2 Bd4 47. Nb6 Kg3 48. Nc8 Be5 49. Ne7 Kxh3 50. Ke3 Kg3 51. Ng8 h5 52. gxh5 gxh5 53. Nh6 Bf4+ 0-1

[Event "Early-Titled-Tuesday-Blitz-June-18-2024"]
[Site "Chess.com"]
[Date "2024.06.18"]
[Round "1"]
[White "N18player"]
[Black "rasmussvane"]
[Result "1-0"]
[WhiteElo "2549"]
[BlackElo "2964"]
[TimeControl "180+1"]
[EndTime "8:07:16 PDT"]
[Termination "N18player won by checkmate"]

1. d4 d5 2. c4 e6 3. Nf3 a6 4. Bg5 Be7 5. Bxe7 Nxe7 6. e3 O-O 7. Nc3 Nd7 8. Rc1 dxc4 9. Bxc4 c5 10. O-O b6 11. dxc5 Nxc5 12. b4 Nd7 13. Ne4 Bb7 14. Nd6 Bxf3 15. gxf3 b5 16. Nb7 Qe8 17. Nd6 Qd8 18. Nb7 Qe8 19. Nd6 Qb8 20. Nxb5 Ne5 21. Nd4 Qxb4 22. Bb3 Rfd8 23. f4 N5g6 24. Qf3 Nh4 25.
Qg4 Nhg6 26. Qf3 Rac8 27. Nc6 Nxc6 28. Rxc6 Nh4 29. Qh1 Qb5 30. Rfc1 Rxc6 31. Qxc6 Qh5 32. Qc7 Qg4+ 33. Kf1 Qg2+ 34. Ke1 Qf3 35. Qxd8# 1-0

[Event "Early-Titled-Tuesday-Blitz-June-18-2024"]
[Site "Chess.com"]
[Date "2024.06.18"]
[Round "1"]
[White "penguingm1"]
[Black "Blitzking642"]
[Result "1-0"]
[WhiteElo "2963"]
[BlackElo "2524"]
[TimeControl "180+1"]
[EndTime "8:07:17 PDT"]
[Termination "penguingm1 won by resignation"]

1. d4 d5 2. Bf4 c5 3. e3 Nc6 4.
Nf3 cxd4 5. exd4 Bf5 6. c3 e6 7. Qb3 Qd7 8. Nbd2 f6 9. Be2 g5 10. Bg3 h5 11. h3 Nh6 12. Nf1 Bg6 13. Ne3 Nf5 14. Nxf5 Bxf5 15. Nd2 Kf7 16. Nf1 Bg6 17. Qd1 h4 18. Bh2 Bd6 19. Bxd6 Qxd6 20. Ne3 Ne7 21. O-O Nf5 22. Ng4 Kg7 23. Qd2 Qf4 24. Qxf4 gxf4 25. Rfe1 Nd6 26. Bf1 Rhe8 27. Rad1 Bf5 28. Nh2 Be4 29. Bd3 b5 30. Nf1 Rab8 31. Bxe4 Nxe4 32. Nh2 Nd6 33. Nf3 b4 34. cxb4 Rxb4 35. b3 Nf5 36. Rd3 Rbb8 37. Rc3 Rbc8 38. Rxc8 Rxc8 39. Rxe6 Rc1+ 40. Re1 Rc2 41. Ra1 Kf7 42. Kf1 Ke6 43.
a3 Kd6 44. b4 Rb2 45. Ne1 Rb3 46. Nf3 Rb2 47. Ke1 Kc6 48. Rc1+ Kd6 49. Rc5 Ra2 50. Ra5 Ra1+ 51. Ke2 Rxa3 52. Rxa3 1-0

[Event "Early-Titled-Tuesday-Blitz-June-18-2024"]
[Site "Chess.com"]
[Date "2024.06.18"]
[Round "1"]
[White "CheckBits"]
[Black "GMG"]
[Result "0-1"]
[WhiteElo "2406"]
[BlackElo "2722"]
[TimeControl "180+1"]
[EndTime "8:07:17 PDT"]
[Termination "GMG won by resignation"]

1. e4 c6 2. d4 d5 3. exd5 cxd5 4.
Bd3 Nc6 5. c3 Qc7 6. h3 e6 7.
Nf3 Bd6 8. O-O Nge7 9. Be3 O-O 10. Nbd2 Nf5 11. Bxf5 exf5 12. Nb3 f4 13. Bd2 b6 14.
Qc2 h6 15. Rfe1 Ba6 16. Rad1 g6 17. a3 Kg7 18. Nc1 Rae8 19. Nd3 Re4 20. Nde5 Nxd4 21. Nxd4 Rxe5 22. Rxe5 Bxe5 23. Nf3 Be2 24. Re1 Bxf3 25. gxf3 f6 26. Qa4 Rf7 27. Rd1 Qc4 28. Qxc4 dxc4 29.
Bc1 g5 30. Rd8 Re7 31. Kf1 Kg6 32. Rc8 Rc7 33. Rxc7 Bxc7 34. Ke2 Kh5 35. Kf1 b5 36. Bd2 Bd6 37. Kg2 Kg6 38. Kf1 Kf5 39. Ke2 Ke6 40. Kd1 Kd5 41. Ke2 Kc6 42. Kd1 f5 43. Ke2 h5 44. Kf1 Kb6 45. Ke2 Ka5 46. Kd1 Ka4 47. Kc2 g4 48. fxg4 fxg4 49. hxg4 hxg4 50.
Bc1 Bc7 51. Bd2 g3 52. fxg3 fxg3 53. Be3 Bb6 0-1

[Event "Early-Titled-Tuesday-Blitz-June-18-2024"]
[Site "Chess.com"]
[Date "2024.06.18"]
[Round "1"]
[White "N_Mullodzhanov"]
[Black "chezzgirl04"]
[Result "1-0"]
[WhiteElo "2575"]
[BlackElo "2175"]
[TimeControl "180+1"]
[EndTime "8:07:17 PDT"]
[Termination "N_Mullodzhanov won by checkmate"]

1. e4 e5 2. Nf3 Nc6 3. d4 exd4 4. Nxd4 Bc5 5. Nb3 Bb6 6. Nc3 Nge7 7. Qe2 O-O 8. Bg5 d6 9. O-O-O Be6 10. Be3 Ng6 11. Nd4 Nce5 12. Nxe6 fxe6 13. Bxb6 axb6 14. g3 Nf3 15.
Rd3 Nge5 16. Re3 Nd4 17. Qd1 c5 18. f4 Nec6 19. Bc4 Na5 20. Bb5 Nac6 21. Kb1 Qb8 22. b3 Qa7 23. a4 Qa5 24. Rf1 Na7 25. Qe1 Naxb5 26. Nxb5 Nxb5 27. Qxa5 Rxa5 28. axb5 Rxb5 29. Rd1 Ra8 30. Rxd6 Rba5 31. Rxb6 R8a6 32. Rxb7 Ra1+ 33. Kb2 Rh1 34. Rd3 h6 35. Rd8+ Kh7 36. Rdd7 Kg6 37.
g4 e5 38. Rxg7+ Kf6 39. Rbf7+ Ke6 40. f5+ Kd6 41. Rg6# 1-0

[Event "Early-Titled-Tuesday-Blitz-June-18-2024"]
[Site "Chess.com"]
[Date "2024.06.18"]
[Round "1"]
[White "rollercoaster29"]
[Black "ChessLover0108"]
[Result "0-1"]
[WhiteElo "2507"]
[BlackElo "2917"]
[TimeControl "180+1"]
[EndTime "8:07:19 PDT"]
[Termination "ChessLover0108 won by resignation"]

1. e4 c5 2. Nf3 d6 3. d4 cxd4 4.
Nxd4 Nf6 5. Nc3 a6 6. f3 e5 7. Nb3 Be6 8. Be3 h5 9. Nd5 Bxd5 10. exd5 Nbd7 11. Qd2 g6 12. O-O-O Qc7 13. Kb1 Bg7 14. c4 a5 15. Nc1 O-O 16. Bd3 e4 17. fxe4 Rfe8 18.
Qc2 Nc5 19. Bd4 Ncxe4 20. Rhe1 Nc5 21. Ne2 Ng4 22. Bxg7 Kxg7 23. Nf4 Ne5 24. Bxg6 fxg6 25. Rxe5 dxe5 26. Qxg6+ Kh8 27. Nxh5 Qh7 28. Qxh7+ Kxh7 29. Nf6+ Kg6 30. Nxe8 Rxe8 31. Kc2 Rf8 32. Rd2 Rf4 33. b3 Kf6 34. a3 a4 35. b4 Rxc4+ 36. Kb2 Ne4 37. Re2 Rd4 38. g4 Nd6 39. Rf2+ Kg5 40. h3 e4 0-1

[Event "Early-Titled-Tuesday-Blitz-June-18-2024"]
[Site "Chess.com"]
[Date "2024.06.18"]
[Round "1"]
[White "ReadySkate"]
[Black "CristhianPortalR"]
[Result "1-0"]
[WhiteElo "2840"]
[BlackElo "2480"]
[TimeControl "180+1"]
[EndTime "8:07:19 PDT"]
[Termination "ReadySkate won by resignation"]

1. d4 d5 2. c4 c6 3. Nf3 Nf6 4. Nc3 e6 5. e3 Nbd7 6. Qc2 Bd6 7. Bd3 dxc4 8. Bxc4 b5 9. Bd3 Bb7 10. O-O a6 11. e4 e5 12. Bg5 O-O 13. dxe5 Nxe5 14.
Be2 h6 15. Bh4 Ng6 16. Bg3 Bxg3 17. hxg3 Re8 18. Bd3 c5 19. Rad1 Qe7 20. Rfe1 c4 21.
Bf1 Qc5 22. a3 Re7 23. Nd5 Nxd5 24. exd5 Bxd5 25. Qf5 Rxe1 26. Nxe1 Ne7 27. Qe5 f6 28. Qh5 Rc8 29. Nc2 Bf7 30. Qxc5 Rxc5 31. Rd6 Rc6 32. Rd7 Nd5 33. Be2 Be6 34. Rd8+ Kf7 35. Bf3 Rc5 36.
Nd4 Nc7 37. Rb8 a5 38. Nc6 Kg6 39. Ne7+ Kf7 40. Nc6 Kg6 41. Nxa5 Re5 42. Nc6 Re1+ 43.
Kh2 Rb1 44. Be4+ f5 45. Bxb1 1-0

[Event "Early-Titled-Tuesday-Blitz-June-18-2024"]
[Site "Chess.com"]
[Date "2024.06.18"]
[Round "1"]
[White "lamomiajunior"]
[Black "LileKoridze"]
[Result "0-1"]
[WhiteElo "2736"]
[BlackElo "2438"]
[TimeControl "180+1"]
[EndTime "8:07:19 PDT"]
[Termination "LileKoridze won by resignation"]

1. e4 c5 2. Nf3 d6 3. c3 Nf6 4.
h3 e5 5. Bd3 Be7 6. Bc2 O-O 7.
O-O Nc6 8. d4 cxd4 9. cxd4 exd4 10. Nxd4 Bd7 11. Nc3 Rc8 12. a3 Ne5 13. Bb3 Bc6 14.
Qe2 Qc7 15. Rd1 a6 16. Bf4 Ng6 17. Bg3 Rfe8 18. Rac1 Qb6 19. Kh1 Bf8 20. Qc4 d5 21. exd5 Bb5 22. Na4 Qa5 23. Qxc8 Rxc8 24. Rxc8 Bxa4 25.
d6 Bd7 26. Rc7 h6 27. Kh2 Qb6 28. Rc3 Bxd6 29. Bxd6 Qxd6+ 30. Kg1 Qb6 31. Re3 Nf4 32. g3 Nxh3+ 33. Kg2 Ng5 34. f4 Bc6+ 35. Kf2 Nge4+ 36. Ke1 Nc5 37. Bc4 Qxb2 38. Rd2 Qc1+ 39. Kf2 Qxc4 40. Nf5 Nce4+ 0-1

[Event "Early-Titled-Tuesday-Blitz-June-18-2024"]
[Site "Chess.com"]
[Date "2024.06.18"]
[Round "1"]
[White "KoshkaMatrioshka"]
[Black "carloseduar100"]
[Result "1/2-1/2"]
[WhiteElo "2598"]
[BlackElo "2259"]
[TimeControl "180+1"]
[EndTime "8:07:19 PDT"]
[Termination "Game drawn by repetition"]

1. c4 e6 2. g3 d5 3. Bg2 Nf6 4. Nf3 a6 5. b3 g6 6. Bb2 Bg7 7. O-O O-O 8. d3 c6 9. Nbd2 Re8 10. Qc2 Nbd7 11. Ne5 Nxe5 12. Bxe5 Nd7 13. Bxg7 Kxg7 14. d4 Nf6 15. Rad1 Qe7 16. e4 dxe4 17.
Nxe4 e5 18. Nxf6 Qxf6 19. d5 cxd5 20. Rxd5 Bf5 21. Be4 Bxe4 22. Qxe4 Qc6 23. Re1 f5 24. Qe3 e4 25. Qd4+ Kh6 26. Rd1 Re7 27. Qe3+ Kg7 28.
Qg5 Qf6 29. Qf4 Rae8 30. Qe3 Re6 31. h4 h6 32. Rd7+ R8e7 33. Rxe7+ Rxe7 34. Rd5 g5 35. hxg5 hxg5 36. Qc5 Kg6 37. Rd6 Re6 38. Rxe6 Qxe6 39. b4 f4 40. gxf4 gxf4 41. Kf1 Qh3+ 42. Ke1 Qc3+ 43.
Kf1 Qh3+ 44. Ke1 Qc3+ 45. Kf1 Qh3+ 1/2-1/2

[Event "Early-Titled-Tuesday-Blitz-June-18-2024"]
[Site "Chess.com"]
[Date "2024.06.18"]
[Round "1"]
[White "PattyCastillo"]
[Black "Gnechko_Ruslan"]
[Result "0-1"]
[WhiteElo "1901"]
[BlackElo "2550"]
[TimeControl "180+1"]
[EndTime "8:07:20 PDT"]
[Termination "Gnechko_Ruslan won on time"]

1. d4 Nf6 2. Nf3 e6 3. e3 b6 4. Bd3 Bb7 5. O-O c5 6. b3 Be7 7.
Bb2 O-O 8. Nbd2 d6 9. Qe2 Nbd7 10.
c4 Qc7 11. Rac1 Rfe8 12. Ng5 Bf8 13. Nge4 Nxe4 14. Nxe4 f5 15. Ng5 h6 16. Nh3 Nf6 17. d5 exd5 18. Bxf6 gxf6 19. Bxf5 Qg7 20. Nf4 Re5 21.
Be6+ Kh8 22. cxd5 f5 23. Rfd1 Re8 24. Qh5 R8xe6 25. dxe6 Rxe6 26. f3 Rf6 27. Qe8 Qg5 28. Rd2 Bxf3 29. Rc4 d5 30. Rxd5 Bxd5 31. Nxd5 b5 32.
Rc2 Qg6 0-1

[Event "Early-Titled-Tuesday-Blitz-June-18-2024"]
[Site "Chess.com"]
[Date "2024.06.18"]
[Round "1"]
[White "SchmakAttack"]
[Black "MaxLeto"]
[Result "1-0"]
[WhiteElo "2813"]
[BlackElo "2463"]
[TimeControl "180+1"]
[EndTime "8:07:21 PDT"]
[Termination "SchmakAttack won by checkmate"]

1. Nf3 d5 2. b3 c6 3. Bb2 Nf6 4. g3 Bf5 5. Bg2 e6 6. O-O h6 7. d3 Be7 8. Nbd2 Bh7 9. Re1 O-O 10. e4 Nbd7 11. h3 a5 12. a3 b5 13. Kh2 Qb6 14. Qe2 Rfd8 15. e5 Ne8 16. Ng1 Rac8 17. f4 c5 18.
Rab1 Qa6 19. Ngf3 c4 20. bxc4 bxc4 21. dxc4 dxc4 22. Nd4 Nb6 23. f5 Nd5 24. h4 exf5 25.
e6 Bf6 26. exf7+ Kxf7 27. Ba1 Rd6 28. Qh5+ Bg6 29. Qf3 c3 30. N2b3 Nec7 31. Nxf5 Bxf5 32. Qxf5 Re8 33. Qh5+ Kf8 34. Rxe8+ Nxe8 35. Bxd5 Qb5 36. Qf7# 1-0